 Seeded DCSS version 0.24-a0-771-g643f6c6 (webtiles) character file.

Game seed: 6468206503815388291, levelgen mode: deterministic

283 DrEnzyme the Chopper (level 6, 48/48 HPs)
             Began as a Minotaur Fire Elementalist on Sept 22, 2019.
             Quit the game on level 3 of the Dungeon on Oct 6, 2019.
             The game lasted 00:11:40 (2888 turns).

DrEnzyme the Chopper (Minotaur Fire Elementalist)   Turns: 2888, Time: 00:11:40

Health: 48/48      AC:  3    Str: 14    XL:     6   Next: 7%
Magic:  7/7        EV: 13    Int: 12    God:
Gold:   98         SH:  0    Dex: 11    Spells: 5/8 levels left

rFire    . . .     SeeInvis .   a - +0 hand axe
rCold    . . .     Gourm    .   (no shield)
rNeg     . . .     Faith    .   d - +0 robe
rPois    .         Spirit   .   (helmet restricted)
rElec    .         Reflect  .   (no cloak)
rCorr    +         Harm     .   n - +0 pair of gloves
MR       .....                  (no boots)
Stlth    ++........             (no amulet)
HPRegen  0.16/turn              s - ring of resist corrosion
MPRegen  0.10/turn              (no ring)

@: no status effects
A: retaliatory headbutt, horns 2
a: no special abilities


You were on level 3 of the Dungeon.
You were very hungry.

You visited 1 branch of the dungeon, and saw 3 of its levels.

You collected 98 gold pieces.

Inventory:

Hand Weapons
 a - a +0 hand axe (weapon)
Missiles
 e - 128 stones
 g - 9 curare-tipped darts (quivered)
Armour
 d - a +0 robe (worn)
 n - a +0 pair of gloves (worn)
Jewellery
 s - a ring of resist corrosion (left hand)
Scrolls
 k - a scroll of remove curse
 l - a scroll of random uselessness {unknown}
Potions
 b - 3 potions of curing
 c - a potion of berserk rage {unknown}
 h - 2 potions of lignification
 j - a potion of might
 m - 2 potions of cancellation
 o - a potion of brilliance {unknown}
 p - a potion of ambrosia {unknown}
 q - a potion of haste {unknown}
Comestibles
 f - 5 rations


   Skills:
 + Level 1.9 Fighting
 + Level 3.5 Axes
 + Level 2.1 Throwing
 * Level 3.1 Armour
 + Level 3.2 Dodging
 - Level 1.7 Stealth
 - Level 1.5 Spellcasting
 - Level 0.6 Conjurations
 - Level 2.4 Fire Magic


You had 5 spell levels left.
You knew the following spells:

 Your Spells              Type           Power        Failure   Level  Hunger
a - Flame Tongue          Conj/Fire      #....        16%         1    ##.....
b - Throw Flame           Conj/Fire      #.....       22%         2    ###....

Your spell library contained the following spells:

 Spells                   Type           Power        Failure   Level  Hunger
 Corona                   Hex            #......      28%         1    ##.....
 Ensorcelled Hibernation  Hex/Ice        #.....       41%         2    ###....
 Conjure Flame            Conj/Fire      #.......     41%         3    ####...
 Inner Flame              Hex/Fire       #.......     45%         3    ####...
 Dazzling Spray           Conj/Hex       #.....       58%         3    ####...
 Confuse                  Hex            #.......     65%         3    ####...
 Tukima's Dance           Hex            #.......     65%         3    ####...
 Sticky Flame             Conj/Fire      #.......     83%         4    #####..
 Fireball                 Conj/Fire      #.........   99%         5    ######.


Dungeon Overview and Level Annotations

Branches:
Dungeon (3/15)

Altars:
Ashenzari
Zin

Annotations:
D:2 Natasha


Innate Abilities, Weirdness & Mutations

You reflexively headbutt those who attack you in melee.
You have a pair of horns on your head.


Message History

You are feeling very hungry.
g - a curare-tipped dart
g - 2 curare-tipped darts (gained 1)
e - 124 stones (gained 1)
e - 125 stones (gained 1)
e - 126 stones (gained 1)
g - 3 curare-tipped darts (gained 1)
e - 127 stones (gained 1)
e - 128 stones (gained 1);
g - 4 curare-tipped darts (gained 1)
g - 5 curare-tipped darts (gained 1)
g - 6 curare-tipped darts (gained 1)
g - 7 curare-tipped darts (gained 1)
g - 8 curare-tipped darts (gained 1)
g - 9 curare-tipped darts (gained 1)
There is a stone staircase leading up, spattered with blood here.
Search for what [Enter for "armour", or ? for help]? armour Warning: Your rc file specifies a game seed, but this build of crawl does not support seed selection.
I will choose a seed randomly. (unknown:4) Welcome back, DrEnzyme the Minotaur Fire Elementalist.
Press ? for a list of commands and other information.
Are you sure you want to abandon this character and quit the game? (Confirm with "yes".)

#.#.# #..##.# #≈m≈#. #..#
##..##.# #..c#. #.## ...##.#
#≈≈≈#. ÷..## #.##..##.# #≈.≈#.
#÷..#.### #.##.# #.# #≈≈≈#.
#.......# #.##.###.# #≈.≈#.
..#...#..####.#...##.#### #.≈.#.
#.#...#....##...........# #≈..#.
..#####..#.##...@÷##..#.##.#≈..#.
<.# #..#.##.............##≈≈≈#.
..#####..............>#.##.#≈..#.
..................##.......#≈.≈#.
.........#........#.#.#.####.≈≈#.
.#...#.............###..#
.#.......##.......#.#.#.#
.#######.##)..........#.#
.........##.......##### #


There were no monsters in sight!

Vanquished Creatures
  A phantom (D:3)
  An ogre (D:3)
  A hound (D:3)
  5 adders
  A dart slug (D:1)
  A leopard gecko (D:3)
  5 goblins
  6 hobgoblins
  4 jackals (D:2)
  2 kobolds
  A quokka (D:2)
  4 bats
  2 frilled lizards
  4 rats
38 creatures vanquished.

Notes
Turn   | Place    | Note
-------+----------+-------------------------------------------
     0 | D:1      | DrEnzyme the Minotaur Fire Elementalist began the quest for
                  | the Orb.
     0 | D:1      | Reached XP level 1. HP: 14/14 MP: 1/1
  1076 | D:2      | Reached XP level 2. HP: 17/20 MP: 3/3
  1315 | D:2      | Learned a level 2 spell: Throw Flame
  1500 | D:2      | Reached skill level 1 in Armour
  1501 | D:2      | Reached XP level 3. HP: 25/27 MP: 4/4
  1530 | D:2      | Noticed Natasha
  1607 | D:2      | Found a glowing silver altar of Zin.
  1857 | D:2      | Reached skill level 1 in Axes
  1995 | D:3      | Noticed a phantom
  2047 | D:2      | Reached XP level 4. HP: 30/34 MP: 5/5
  2048 | D:2      | Reached skill level 1 in Fighting
  2052 | D:2      | Reached skill level 1 in Throwing
  2124 | D:3      | Noticed an ogre
  2132 | D:3      | Killed an ogre
  2132 | D:3      | Reached XP level 5. HP: 39/40 MP: 6/6
  2217 | D:3      | Found a shattered altar of Ashenzari.
  2221 | D:3      | Saw a vision of the Shoals and the Spider Nest.
  2221 | D:3      | Noticed a centaur
  2221 | D:3      | Noticed a wolf spider
  2221 | D:3      | Noticed a wolf spider
  2221 | D:3      | Noticed a hippogriff
  2221 | D:3      | Noticed a merfolk
  2221 | D:3      | Noticed a merfolk
  2221 | D:3      | Noticed a centaur
  2223 | D:3      | Noticed a redback
  2754 | D:3      | Killed a phantom
  2754 | D:3      | Reached XP level 6. HP: 28/48 MP: 7/7
  2888 | D:3      | Upgraded the game from 0.24-a0-639-gb70a11d to
                  | 0.24-a0-771-g643f6c6
  2888 | D:3      | Quit the game

Levels and vault maps discovered:
D:1:      lightli_arrival_statue_moat, layout_basic,
          hangedman_abyss_or_decor_stabs
D:2:      layout_loops_ring, zin_treasury, first_ration, uniq_natasha
D:3:      layout_loops_ring, minmay_strange_pillars, grunt_ashenzari_visionary
          [grunt_ashenzari_visionary_shoals, grunt_ashenzari_visionary_spider]

Skill      XL: |  1  2  3  4  5 |
---------------+----------------+-----
Armour         | 1 2 3 |  3.1
Axes           | 1 2 3 |  3.5
Fighting       | 1 |  1.9
Throwing       | 1 2 |  2.1
Dodging        | 3 |  3.2
Stealth        | |  1.7
Spellcasting   | |  1.5
Conjurations   | |  0.6
Fire Magic     | |  2.4

Action                   |  1- 3 |  4- 6 || total
-------------------------+-------+-------++-------
Melee: Hand axe          |    54 |    36 ||    90
       Unarmed           |     5 |       ||     5
       Headbutt          |     4 |     5 ||     9
Throw: Stone             |     9 |     6 ||    15
       Dart              |    17 |    15 ||    32
  Use: Scroll            |     3 |     3 ||     6
       Potion            |       |     1 ||     1
 Stab: Sleeping          |     4 |       ||     4
  Eat: Chunk             |     3 |     2 ||     5
Armor: Robe              |    21 |     9 ||    30
Dodge: Dodged            |    49 |    24 ||    73

Table legend:
 A = Non-vault XP
 B = Vault XP
 C = Vault XP percentage of total XP
 D = Non-vault monster count
 E = Vault monster count
 F = Vault count percentage of total count
                 A         B        C        D         E       F
            +---------+---------+-------+---------+---------+-------
      Total |     405 |       0 |   0.0 |      38 |       0 |   0.0
            +---------+---------+-------+---------+---------+-------
        D:1 |       9 |       0 |   0.0 |       5 |       0 |   0.0
        D:2 |      55 |       0 |   0.0 |      17 |       0 |   0.0
        D:3 |     341 |       0 |   0.0 |      16 |       0 |   0.0
            +---------+---------+-------+---------+---------+-------
